 Dungeon Crawl Stone Soup version 0.31.0-10-gcf4a605ca0 (webtiles) character file.

Game seed: 8260170808405629103

312 Gadfly the Ruffian (level 6, -5/46 HPs)
             Began as a Demonspawn Shapeshifter on Jan 26, 2024.
             Slain by an ogre
             ... wielding a +0 giant club
              (21 damage)
             ... on level 4 of the Dungeon.
             The game lasted 00:05:05 (3245 turns).

Gadfly the Ruffian (Demonspawn Shapeshifter)        Turns: 3245, Time: 00:05:05

Health: -5/46      AC:  2    Str: 16    XL:     6   Next: 18%
Magic:  6/6        EV: 13    Int: 13    God:
Gold:   157        SH:  0    Dex: 12    Spells: 5/5 levels left

rFire   . . .        b - +1 dagger (venom)
rCold   . . .        (no shield)
rNeg    . . .        a - +0 animal skin
rPois   +            (helmet restricted)
rElec   .            k - scarf of Sonlyc {repulsion, rPois Int+2}
rCorr   +            (no gloves)
SInv    .            (no boots)
Will    +....        m - amulet of regeneration
Stlth   +            i - ring of resist corrosion
HPRegen 1.07/turn    q - ring of willpower
MPRegen 0.20/turn

%: repel missiles
@: no status effects
A: antennae 1, spiny 2, magic regeneration
a: no special abilities


You were on level 4 of the Dungeon.
You visited 2 branches of the dungeon, and saw 5 of its levels.

You collected 177 gold pieces.
You spent 20 gold pieces at shops.

Inventory:

Hand Weapons
 b - a +1 dagger of venom (weapon)
Armour
 a - a +0 animal skin (worn)
 k - the scarf of Sonlyc (worn) {repulsion, rPois Int+2}
   (You found it on level 2 of the Dungeon)

   Int+2:     It affects your intelligence (+2).
   rPois:     It protects you from poison
Jewellery
 i - a ring of resist corrosion (left hand)
 m - an amulet of regeneration (around neck)
 q - a ring of willpower (right hand)
 t - a +6 ring of strength
Talismans
 c - a beast talisman
 d - a flux talisman
Wands
 p - a wand of roots (9)
Scrolls
 l - a scroll of teleportation
 s - a scroll of identify
 v - a scroll of vulnerability {unknown}
Potions
 e - a potion of resistance
 f - a potion of ambrosia
 g - a potion of brilliance {unknown}
 h - a potion of haste
 j - a potion of degeneration {unknown}
 n - 2 potions of curing {unknown}
 o - a potion of heal wounds {unknown}
 r - a potion of lignification
 u - a potion of enlightenment {unknown}


   Skills:
 + Level 2.4 Fighting
 + Level 3.4 Dodging
 * Level 3.5 Unarmed Combat
 + Level 3.0 Evocations
 * Level 3.3 Shapeshifting


You had 5 spell levels left.
You didn't know any spells.
Your spell library contained the following spells:

 Spells                   Type           Power      Damage    Failure   Level
 Call Canine Familiar     Summ           0%         N/A       67%         3
 Inner Flame              Hex/Fire       0%         N/A       67%         3
 Ozocubu's Armour         Ice            0%         N/A       67%         3
 Sigil of Binding         Hex            0%         N/A       67%         3
 Dimensional Bullseye     Hex/Tloc       0%         N/A       97%         4
 Irradiate                Conj/Alch      0%         3d11      100%        5
 Metabolic Englaciation   Hex/Ice        0%         N/A       100%        5
 Sculpt Simulacrum        Ice/Alch       0%         N/A       100%        6
 Ignition                 Fire           0%         3d3       100%        8


Dungeon Overview and Level Annotations

Branches:
Dungeon (4/15)             Temple (1/1) D:4

Altars:
Cheibriados
Makhleb
Okawaru
Qazlal
Uskayaw
Xom
Yredelemnul

Shops:
D:1 ?:[(


Innate Abilities, Weirdness & Mutations

You have a pair of small antennae on your head.
You are mostly covered in sharp spines.
You regenerate magic rapidly.


Message History

You hear a shout!
You are too injured to fight recklessly!
You are too injured to fight recklessly!
You are too injured to fight recklessly!
You are too injured to fight recklessly!
You are too injured to fight recklessly!
You are too injured to fight recklessly!
You are too injured to fight recklessly!
You are too injured to fight recklessly!
You are too injured to fight recklessly!
You are too injured to fight recklessly!
You are too injured to fight recklessly!
You are too injured to fight recklessly!
You are too injured to fight recklessly!
You are too injured to fight recklessly!
You are too injured to fight recklessly!
You are too injured to fight recklessly!
You are too injured to fight recklessly!
You are too injured to fight recklessly!
Unknown command.
The orc attacks as it pursues you! The orc is struck by your spines.
The orc hits you with a +0 club.
You barely miss the orc.
The orc is almost dead.
The orc hits you with a +0 club.
* * * LOW HITPOINT WARNING * * *
You closely miss the orc.
The orc is almost dead.
An orc comes into view. It is wielding a +0 club.
You hit the ogre.
The ogre is poisoned.
The ogre is moderately wounded.
You hit the ogre but do no damage.
The ogre looks as sick as possible!
The ogre is moderately wounded.
An orc comes into view. It is wielding a +0 hand axe.
The ogre is struck by your spines. The ogre barely misses you.
You hit the ogre.
The ogre looks as sick as possible!
The ogre is severely wounded.
The ogre is struck by your spines.
The ogre hits you with a +0 giant club!!
You die...

###.....###
.............#
#######....#.#
........#.#
#######.#.#
#.#.# #.#.#
#.#.# #.#@#
###.#)#O#.#
#....{oo).#
...#.#.#.......
#.######## ..
###


You could see an ogre (extremely poisoned) and 2 orcs.

Vanquished Creatures
  An orc warrior (D:3)
  A bombardier beetle (D:3)
  Ijyb (D:3)
  2 orc wizards (D:3)
  3 gnolls (D:4)
  2 adders
  A dart slug (D:2)
  An orc (D:4)
  3 bats
  5 endoplasms
  3 giant cockroaches
  7 goblins
  5 hobgoblins
  2 jackals (D:2)
  6 kobolds
  5 quokkas
  4 ball pythons
  2 frilled lizards
  9 rats
63 creatures vanquished.

Notes
Turn   | Place    | Note
-------+----------+-------------------------------------------
     0 | D:1      | Gadfly the Demonspawn Shapeshifter began the quest for the
                  | Orb.
     0 | D:1      | Reached XP level 1. HP: 15/15 MP: 1/1
   191 | D:1      | Gained mutation: You are partially covered in sharp spines.
                  | [demonic ancestry]
   191 | D:1      | Reached XP level 2. HP: 21/21 MP: 2/2
   221 | D:1      | Found Mirhil's Magic Scroll Shoppe.
   371 | D:1      | Reached skill level 1 in Evocations
   404 | D:1      | Found Xuppoum's Armour Boutique.
   513 | D:1      | Found a faded altar of an unknown god.
   577 | D:1      | Found Taera's Weapon Shoppe.
   661 | D:1      | Found Ubyh's Book Shoppe.
   975 | D:1      | Bought a scroll of identify for 20 gold pieces
  1040 | D:2      | Gained mutation: You have a pair of small antennae on your
                  | head. [demonic ancestry]
  1040 | D:2      | Reached XP level 3. HP: 25/26 MP: 3/3
  1256 | D:2      | Identified the scarf of Sonlyc {repulsion, rPois Int+2}
  1394 | D:2      | Identified the staff of the Forgotten Tusks {rF- rN+++ Conj
                  | Hexes}
  1907 | D:3      | Noticed Ijyb
  1909 | D:3      | Noticed a +0 dagger
  1910 | D:3      | Found a hide-covered altar of Uskayaw.
  1910 | D:3      | Noticed a +0 hand axe
  1921 | D:3      | Killed Ijyb
  1937 | D:3      | Reached XP level 4. HP: 32/33 MP: 4/4
  2082 | D:3      | Noticed an orc warrior
  2102 | D:3      | Killed an orc warrior
  2103 | D:3      | Gained mutation: You are mostly covered in sharp spines.
                  | [demonic ancestry]
  2103 | D:3      | Reached XP level 5. HP: 26/38 MP: 5/5
  2521 | D:3      | Gained mutation: You regenerate magic rapidly. [demonic
                  | ancestry]
  2521 | D:3      | Reached XP level 6. HP: 45/45 MP: 6/6
  3103 | D:4      | Found a staircase to the Ecumenical Temple.
  3116 | Temple   | Entered the Ecumenical Temple
  3245 | D:4      | Slain by an ogre

Illustrated notes

Levels and vault maps discovered:
D:1:      co_arrival_square_in_a_square_in_a_square, layout_basic,
          ebering_ecumenical_altar_petrified, serial_shops,
          nicolae_shop_window_shopping, shop_fountains, shop,
          nicolae_shop_peninsula
D:2:      layout_loops_corners
D:3:      layout_loops_ring, dancing_weapons_uskayaw, uniq_ijyb
D:4:      layout_basic, minmay_temple_entry_glassed_door
Temple:   nicolae_temple_colour_theory

Skill      XL: |  1  2  3  4  5  6 |
---------------+-------------------+-----
Dodging        | 2 3 |  3.4
Evocations     | 1 2 3 |  3.0
Unarmed Combat | 3 |  3.5
Shapeshifting  | 3 |  3.3
Fighting       | 2 |  2.4

Action                     |  1- 3 |  4- 6 || total
---------------------------+-------+-------++-------
  Melee: Unarmed           |    91 |    11 ||   102
         Punch             |     2 |       ||     2
         Dagger            |       |    46 ||    46
Ability: Begin Untransform |     1 |     1 ||     2
    Use: Scroll            |     7 |     1 ||     8
         Potion            |     1 |       ||     1
   Stab: Sleeping          |     1 |     1 ||     2
 Armour: Animal skin       |    34 |    32 ||    66
  Dodge: Dodged            |    54 |    31 ||    85
         Form:             |     1 |       ||     1
         Beast             |     1 |       ||     1
         Flux              |     1 |       ||     1
